 Dungeon Crawl Stone Soup version 0.15.2 (webtiles) character file.

2645 4tharraofdagon the Cruncher (level 9, -7/71 HPs)
             Began as a Formicid Gladiator on Feb 11, 2015.
             Was an Elder of Zin.
             Killed by divine providence
             ... invoked by an orc priest
              (13 damage)
             ... on Level 7 of the Dungeon.
             The game lasted 00:27:58 (4969 turns).

4tharraofdagon the Cruncher (Formicid Gladiator)    Turns: 4969, Time: 00:27:58

HP  -7/71        AC  6     Str 20      XL: 9   Next: 93%
MP  19/19        EV 13     Int 11      God: Zin [****..]
Gold 313         SH  0     Dex 11      Spells:  1 memorised,  6 levels left

rFire  . . .     SeeInvis +     a - +0 quarterstaff
rCold  . . .     Clarity  .     b - +1 leather armour
rNeg   . . .     rCorr    .     (no shield)
rPois  +         rRot     .     (helmet unavailable)
rElec  .         Spirit   .     (no cloak)
SustAb .         Warding  .     (no gloves)
rMut   .         Stasis   +     j - +0 pair of boots
Gourm  .                        s - cursed amulet of faith
MR     .....                    d - ring of poison resistance
                                e - ring of regeneration

@: not resistant to hostile enchantments, very unstealthy
A: permanent stasis, dig shafts and tunnels, four strong arms, antennae 3, claws
1
a: Dig, Shaft Self, Recite, Vitalisation, Imprison, Renounce Religion


You were on level 7 of the Dungeon.
You worshipped Zin.
Zin was greatly pleased with you.
You were not hungry.

You visited 1 branch of the dungeon, and saw 8 of its levels.
You also visited: Sewer.

You collected 347 gold pieces.
You donated 34 gold pieces to Zin.

Inventory:

Hand weapons
 a - a +0 quarterstaff (weapon)
Armour
 b - a +1 leather armour (worn)
 j - a +0 pair of boots (worn)
Magical devices
 i - a wand of confusion (15)
Comestibles
 f - 6 bread rations
 g - 4 meat rations
 h - 2 slices of pizza
 p - 6 fruits
 z - 2 beef jerkies
 C - a rotting chunk of giant gecko flesh
Scrolls
 k - a scroll of fog {unknown}
 m - 3 scrolls of remove curse
 n - a scroll of teleportation
 o - 4 scrolls of identify
 q - a scroll of fear {unknown}
 r - a scroll of blinking {unknown}
 t - a scroll of enchant armour
 w - a scroll of amnesia {unknown}
 y - a scroll of immolation {unknown}
 A - a scroll of enchant weapon
Jewellery
 d - a ring of poison resistance (right claw)
 e - a ring of regeneration (left claw)
 s - a cursed amulet of faith (around neck)
Potions
 u - 2 potions of confusion
 v - a potion of cancellation
Books
 l - a book of Geomancy

   Spells                             Type                      Level
   Sandblast                          Earth                        1
   *Stoneskin                         Transmutation/Earth          2
   Passwall                           Transmutation/Earth          3
   Stone Arrow                        Conjuration/Earth            3
   Petrify                            Transmutation/Earth          4
   Lee's Rapid Deconstruction         Earth                        5
Rods
 x - a +3 rod of striking (13/13)
   (You found it on level 4 of the Dungeon)


   Skills:
 + Level 6.8 Fighting
 * Level 8.7 Staves
 - Level 1.9 Throwing
 + Level 7.4 Armour
 + Level 5.7 Dodging
 * Level 5.4 Invocations


You had 6 spell levels left.
You knew the following spells:

 Your Spells              Type           Power        Failure   Level  Hunger
a - Stoneskin             Trmt/Erth      #.......     56%         2    ###....


Dungeon Overview and Level Annotations

Branches:
Dungeon (8/15)             Temple (0/1) D:6
   Lair: D:8-11

Altars:
Cheibriados
Elyvilon
Fedhas
Kikubaaqudgha
Makhleb
Okawaru
Vehumet
Zin

Annotations:
D:8 Eustachio


Innate Abilities, Weirdness & Mutations

Your are under a permanent stasis effect.
You can dig through walls and to a lower floor.
Your four strong arms can wield two-handed weapons with a shield.
You have a pair of large antennae on your head (SInv).
You have sharp fingernails.


Message History

Unknown command.
Unknown command.
Read which item? (? for menu, Esc to quit)
Okay, then.
Use which ability? (? or * to list)
Okay, then.
Unknown command.
Unknown command.
Use which ability? (? or * to list)
Press: ? - help, Dir - move target cursor, f/p - orc warrior
Aim: an orc warrior, wielding a short sword and wearing a chain mail (severely wounded)
Okay, then.
Unknown command.
Unknown command.
Read which item? (? for menu, Esc to quit)
Okay, then.
Unknown command.
The orc priest calls down the wrath of Beogh upon you.
Something smites you!
You die...

'......'.(..###'##...........#
####......##...##..##...........#
.#....#'####...##..###'#######+##
.#....#............#............)
.'....'........##+##.............
.#....##'###+###.................
.##..............................
..#.......o.......o.#+#####......
..#.......o.....@...#.....#......
..'....>............#.....'......
..#.................'.....#......
###.................##..#........
#......#'#####'###+##########....
#......'..........?..# #....
+[.....#.............# #....
#......#...##........# #....
....###+####..###.### #....


You could see an orc warrior, an orc priest and an orc wizard.

Vanquished Creatures
  The ghost of Thrillho the Carver, an experienced OpBe of Trog (D:7)
  Edmund (D:5)
  Menkaure (D:6)
  A water moccasin (D:8)
  2 ogres
  A centaur (D:7)
  A phantom (D:6)
  2 giant frogs (Sewer)
  2 scorpions
  4 crimson imps
  A goliath beetle (D:6)
  4 hounds
  A jelly (D:6)
  3 orc priests
  A black bear skeleton (D:7)
  4 iguanas
  A quasit (D:6)
  2 worker ants (D:5)
  10 orc wizards
  2 big kobold skeletons (D:5)
  A hound zombie (D:5)
  3 gnolls (D:6)
  An orc zombie (D:6)
  A scorpion zombie (D:5)
  7 adders
  2 shadow imps
  A steam dragon skeleton (D:6)
  13 giant mites
  2 worms
  14 giant geckos
  13 oozes
  22 orcs
  12 bats
  20 giant cockroaches
  13 hobgoblins
  5 jackals
  10 ball pythons
  A giant gecko skeleton (D:5)
  22 giant newts
  13 goblins
  3 kobolds
  An orc skeleton (D:5)
  A quokka (D:5)
  A quokka skeleton (D:6)
  20 rats
  A rat skeleton (D:5)
248 creatures vanquished.

Notes
Turn   | Place    | Note
--------------------------------------------------------------
     0 | D:1      | 4tharraofdagon, the Formicid Gladiator, began the quest for the Orb.
     0 | D:1      | Reached XP level 1. HP: 16/16 MP: 1/1
   151 | D:1      | Reached XP level 2. HP: 4/22 MP: 3/3
   218 | D:1      | Reached skill level 4 in Fighting
   218 | D:1      | Reached skill level 6 in Staves
   218 | D:1      | Reached skill level 5 in Armour
   218 | D:1      | Reached XP level 3. HP: 7/31 MP: 4/4
   651 | D:2      | Reached XP level 4. HP: 35/38 MP: 5/5
   664 | D:2      | Found a radiant altar of Vehumet.
   801 | D:2      | Learned a level 2 spell: Stoneskin
  1114 | D:3      | Reached XP level 5. HP: 43/43 MP: 7/7
  1517 | D:4      | Reached XP level 6. HP: 49/49 MP: 8/8
  1554 | D:4      | Found a white marble altar of Elyvilon.
  1626 | D:4      | Found an iron altar of Okawaru.
  1662 | D:4      | Reached skill level 5 in Fighting
  1732 | D:4      | Found a blossoming altar of Fedhas.
  1735 | D:4      | Found an ancient bone altar of Kikubaaqudgha.
  1792 | D:4      | Found a glowing drain.
  1830 | Sewer    | Entered a sewer
  2015 | Sewer    | Reached XP level 7. HP: 56/56 MP: 9/9
  2314 | Sewer    | Reached skill level 7 in Staves
  2413 | D:4      | Identified a +3 rod of striking (13/13) (You found it on level 4 of the Dungeon)
  2468 | D:4      | Found a glowing silver altar of Zin.
  2476 | D:4      | Became a worshipper of Zin the Law-Giver
  2476 | D:4      | Acquired Zin's first power
  2703 | D:5      | Entered Level 5 of the Dungeon
  2762 | D:5      | Reached XP level 8. HP: 52/63 MP: 11/11
  2786 | D:5      | Noticed Edmund
  2828 | D:5      | Killed Edmund
  2828 | D:5      | Reached skill level 1 in Invocations
  2920 | D:5      | Found a burning altar of Makhleb.
  2953 | D:5      | Found a snail-covered altar of Cheibriados.
  2971 | D:5      | Reached skill level 5 in Dodging
  3114 | D:5      | Acquired Zin's second power
  3127 | D:5      | Found an iron altar of Okawaru.
  3478 | D:6      | Gained mutation: You have sharp fingernails. [potion of mutation]
  3601 | D:6      | Reached XP level 9. HP: 54/69 MP: 15/17
  3738 | D:6      | Noticed Menkaure
  3766 | D:6      | Killed Menkaure
  3766 | D:6      | Reached skill level 8 in Staves
  4127 | D:6      | Found a staircase to the Ecumenical Temple.
  4188 | D:6      | Acquired Zin's third power
  4292 | D:7      | Noticed Thrillho's ghost (experienced OpBe)
  4309 | D:7      | Killed Thrillho's ghost
  4309 | D:7      | Reached skill level 5 in Invocations
  4865 | D:8      | Noticed Eustachio
  4967 | D:7      | HP: 2/71 [orc wizard/magic dart (6)]
  4969 | D:7      | Killed from afar by an orc priest

Action                   |  1- 3 |  4- 6 |  7- 9 || total
-------------------------+-------+-------+-------++-------
Melee: Quarterstaff      |    77 |   286 |   667 ||  1030
       Rod               |       |       |    19 ||    19
Throw: Throwing net      |     2 |     5 |     5 ||    12
Invok: Vitalisation      |       |       |     2 ||     2
       Recite            |       |       |     1 ||     1
 Abil: Dig               |       |     3 |     5 ||     8
Evoke: Wand              |       |       |     1 ||     1
  Use: Potion            |     3 |       |     5 ||     8
       Scroll            |     1 |       |     4 ||     5
 Stab: Held in net/web   |       |     1 |       ||     1
  Eat: Chunk             |       |     7 |    14 ||    21
